%YAML 1.1
%TAG !u! tag:unity3d.com,2011:
--- !u!1 &163686680455942926
GameObject:
  m_ObjectHideFlags: 0
  m_CorrespondingSourceObject: {fileID: 0}
  m_PrefabInstance: {fileID: 0}
  m_PrefabAsset: {fileID: 0}
  serializedVersion: 6
  m_Component:
  - component: {fileID: 876259519405641726}
  - component: {fileID: 939473014946270917}
  - component: {fileID: 1792686621026800055}
  - component: {fileID: 4177551905992657840}
  m_Layer: 10
  m_Name: StarEffectTimer
  m_TagString: Untagged
  m_Icon: {fileID: 0}
  m_NavMeshLayer: 0
  m_StaticEditorFlags: 0
  m_IsActive: 1
--- !u!224 &876259519405641726
RectTransform:
  m_ObjectHideFlags: 0
  m_CorrespondingSourceObject: {fileID: 0}
  m_PrefabInstance: {fileID: 0}
  m_PrefabAsset: {fileID: 0}
  m_GameObject: {fileID: 163686680455942926}
  m_LocalRotation: {x: -0, y: -0, z: -0, w: 1}
  m_LocalPosition: {x: 0, y: 0, z: 0}
  m_LocalScale: {x: 1, y: 1, z: 1}
  m_Children:
  - {fileID: 2824795563620450058}
  m_Father: {fileID: 0}
  m_RootOrder: 0
  m_LocalEulerAnglesHint: {x: 0, y: 0, z: 0}
  m_AnchorMin: {x: 0.5, y: 0.5}
  m_AnchorMax: {x: 0.5, y: 0.5}
  m_AnchoredPosition: {x: -540, y: -1080}
  m_SizeDelta: {x: 100, y: 100}
  m_Pivot: {x: 0.5, y: 0.5}
--- !u!114 &939473014946270917
MonoBehaviour:
  m_ObjectHideFlags: 0
  m_CorrespondingSourceObject: {fileID: 0}
  m_PrefabInstance: {fileID: 0}
  m_PrefabAsset: {fileID: 0}
  m_GameObject: {fileID: 163686680455942926}
  m_Enabled: 1
  m_EditorHideFlags: 0
  m_Script: {fileID: 11500000, guid: 4ddc1a2536715a24095c464a2c394d5d, type: 3}
  m_Name: 
  m_EditorClassIdentifier: 
  updateMethod: 0
  _spline: {fileID: 0}
  _autoUpdate: 1
  _rotationModifier:
    blend: 1
    keys: []
  _offsetModifier:
    blend: 1
    keys: []
  _colorModifier:
    blend: 1
    keys: []
  _sizeModifier:
    blend: 1
    keys: []
  sampleCollection:
    samples: []
    optimizedIndices: 
    sampleMode: 0
    clipFrom: 0
    clipTo: 1
    loopSamples: 0
  clipFromSample:
    position: {x: 0, y: 0, z: 0}
    up: {x: 0, y: 1, z: 0}
    forward: {x: 0, y: 0, z: 1}
    color: {r: 1, g: 1, b: 1, a: 1}
    size: 1
    percent: 0
  clipToSample:
    position: {x: 0, y: 0, z: 0}
    up: {x: 0, y: 1, z: 0}
    forward: {x: 0, y: 0, z: 1}
    color: {r: 1, g: 1, b: 1, a: 1}
    size: 1
    percent: 0
  _loopSamples: 0
  _clipFrom: 0
  _clipTo: 1
  animClipFrom: 0
  animClipTo: 1
  _sampleCount: 0
  startSampleIndex: 0
  multithreaded: 0
  buildOnAwake: 0
  buildOnEnable: 0
  _isUpdated: 1
  applyDirectionRotation: 1
  useTriggers: 0
  triggerGroup: 0
  _direction: 1
  _physicsMode: 0
  _motion:
    _hasOffset: 0
    _hasRotationOffset: 0
    _offset: {x: 0, y: 0}
    _rotationOffset: {x: 0, y: 0, z: 0}
    _baseScale: {x: 1, y: 1, z: 1}
    velocityHandleMode: 0
    applyPositionX: 1
    applyPositionY: 1
    applyPositionZ: 1
    direction: 1
    applyRotationX: 0
    applyRotationY: 0
    applyRotationZ: 0
    applyScaleX: 0
    applyScaleY: 0
    applyScaleZ: 0
    targetUser: {fileID: 939473014946270917}
  targetRigidbody: {fileID: 0}
  targetRigidbody2D: {fileID: 0}
  targetTransform: {fileID: 876259519405641726}
  _result:
    position: {x: 0, y: 0, z: 0}
    up: {x: 0, y: 1, z: 0}
    forward: {x: 0, y: 0, z: 1}
    color: {r: 1, g: 1, b: 1, a: 1}
    size: 1
    percent: 0
  _finalResult:
    position: {x: 0, y: 0, z: 0}
    up: {x: 0, y: 1, z: 0}
    forward: {x: 0, y: 0, z: 1}
    color: {r: 1, g: 1, b: 1, a: 1}
    size: 1
    percent: 0
  wrapMode: 0
  followMode: 0
  autoStartPosition: 0
  follow: 1
  preserveUniformSpeedWithOffset: 0
  _followSpeed: 4
  _followDuration: 1
  _startPosition: 0
  editorSetPosition: 1
--- !u!114 &1792686621026800055
MonoBehaviour:
  m_ObjectHideFlags: 0
  m_CorrespondingSourceObject: {fileID: 0}
  m_PrefabInstance: {fileID: 0}
  m_PrefabAsset: {fileID: 0}
  m_GameObject: {fileID: 163686680455942926}
  m_Enabled: 1
  m_EditorHideFlags: 0
  m_Script: {fileID: 11500000, guid: 9c5d6f0e8e54ebb4ca873455cfddad99, type: 3}
  m_Name: 
  m_EditorClassIdentifier: 
  VFX_Config: {fileID: 11400000, guid: c0a63d3b52f5157469b7252a5fa1ac37, type: 2}
  SFX_Config: {fileID: 11400000, guid: 8756cfb5c2d9bab4d85518e6a0070366, type: 2}
--- !u!114 &4177551905992657840
MonoBehaviour:
  m_ObjectHideFlags: 0
  m_CorrespondingSourceObject: {fileID: 0}
  m_PrefabInstance: {fileID: 0}
  m_PrefabAsset: {fileID: 0}
  m_GameObject: {fileID: 163686680455942926}
  m_Enabled: 1
  m_EditorHideFlags: 0
  m_Script: {fileID: 11500000, guid: 3e4ee8654143c8d4da56996d2668d3fb, type: 3}
  m_Name: 
  m_EditorClassIdentifier: 
  timeToDestroy: 2
--- !u!1 &1837568782485793103
GameObject:
  m_ObjectHideFlags: 0
  m_CorrespondingSourceObject: {fileID: 0}
  m_PrefabInstance: {fileID: 0}
  m_PrefabAsset: {fileID: 0}
  serializedVersion: 6
  m_Component:
  - component: {fileID: 2824795563620450058}
  - component: {fileID: 6913487521145773349}
  - component: {fileID: 1853473527843395373}
  m_Layer: 10
  m_Name: Image_Star
  m_TagString: Untagged
  m_Icon: {fileID: 0}
  m_NavMeshLayer: 0
  m_StaticEditorFlags: 0
  m_IsActive: 1
--- !u!224 &2824795563620450058
RectTransform:
  m_ObjectHideFlags: 0
  m_CorrespondingSourceObject: {fileID: 0}
  m_PrefabInstance: {fileID: 0}
  m_PrefabAsset: {fileID: 0}
  m_GameObject: {fileID: 1837568782485793103}
  m_LocalRotation: {x: -0, y: -0, z: -0, w: 1}
  m_LocalPosition: {x: 0, y: 0, z: 0}
  m_LocalScale: {x: 0.8205128, y: 0.8205128, z: 0.8205128}
  m_Children:
  - {fileID: 6619339438551923197}
  m_Father: {fileID: 876259519405641726}
  m_RootOrder: 0
  m_LocalEulerAnglesHint: {x: 0, y: 0, z: 0}
  m_AnchorMin: {x: 0.5, y: 0.5}
  m_AnchorMax: {x: 0.5, y: 0.5}
  m_AnchoredPosition: {x: 0, y: 0}
  m_SizeDelta: {x: 148, y: 147}
  m_Pivot: {x: 0.5, y: 0.5}
--- !u!222 &6913487521145773349
CanvasRenderer:
  m_ObjectHideFlags: 0
  m_CorrespondingSourceObject: {fileID: 0}
  m_PrefabInstance: {fileID: 0}
  m_PrefabAsset: {fileID: 0}
  m_GameObject: {fileID: 1837568782485793103}
  m_CullTransparentMesh: 0
--- !u!95 &1853473527843395373
Animator:
  serializedVersion: 3
  m_ObjectHideFlags: 0
  m_CorrespondingSourceObject: {fileID: 0}
  m_PrefabInstance: {fileID: 0}
  m_PrefabAsset: {fileID: 0}
  m_GameObject: {fileID: 1837568782485793103}
  m_Enabled: 0
  m_Avatar: {fileID: 0}
  m_Controller: {fileID: 9100000, guid: 0f6d9420fad900a489c24fe83d275ec0, type: 2}
  m_CullingMode: 0
  m_UpdateMode: 0
  m_ApplyRootMotion: 0
  m_LinearVelocityBlending: 0
  m_WarningMessage: 
  m_HasTransformHierarchy: 1
  m_AllowConstantClipSamplingOptimization: 1
  m_KeepAnimatorControllerStateOnDisable: 0
--- !u!1 &4821285612573130056
GameObject:
  m_ObjectHideFlags: 0
  m_CorrespondingSourceObject: {fileID: 0}
  m_PrefabInstance: {fileID: 0}
  m_PrefabAsset: {fileID: 0}
  serializedVersion: 6
  m_Component:
  - component: {fileID: 6619339438551923197}
  - component: {fileID: 998770468795744701}
  - component: {fileID: 2533839537231516971}
  - component: {fileID: 3600207102286191522}
  m_Layer: 10
  m_Name: CoinAnimation
  m_TagString: Untagged
  m_Icon: {fileID: 0}
  m_NavMeshLayer: 0
  m_StaticEditorFlags: 0
  m_IsActive: 1
--- !u!224 &6619339438551923197
RectTransform:
  m_ObjectHideFlags: 0
  m_CorrespondingSourceObject: {fileID: 0}
  m_PrefabInstance: {fileID: 0}
  m_PrefabAsset: {fileID: 0}
  m_GameObject: {fileID: 4821285612573130056}
  m_LocalRotation: {x: -0, y: -0, z: -0, w: 1}
  m_LocalPosition: {x: 0, y: 0, z: 0}
  m_LocalScale: {x: 1, y: 1, z: 1}
  m_Children: []
  m_Father: {fileID: 2824795563620450058}
  m_RootOrder: 0
  m_LocalEulerAnglesHint: {x: 0, y: 0, z: 0}
  m_AnchorMin: {x: 0.5, y: 0.5}
  m_AnchorMax: {x: 0.5, y: 0.5}
  m_AnchoredPosition: {x: 0, y: 0}
  m_SizeDelta: {x: 100, y: 100}
  m_Pivot: {x: 0.5, y: 0.5}
--- !u!222 &998770468795744701
CanvasRenderer:
  m_ObjectHideFlags: 0
  m_CorrespondingSourceObject: {fileID: 0}
  m_PrefabInstance: {fileID: 0}
  m_PrefabAsset: {fileID: 0}
  m_GameObject: {fileID: 4821285612573130056}
  m_CullTransparentMesh: 0
--- !u!114 &2533839537231516971
MonoBehaviour:
  m_ObjectHideFlags: 0
  m_CorrespondingSourceObject: {fileID: 0}
  m_PrefabInstance: {fileID: 0}
  m_PrefabAsset: {fileID: 0}
  m_GameObject: {fileID: 4821285612573130056}
  m_Enabled: 1
  m_EditorHideFlags: 0
  m_Script: {fileID: 11500000, guid: fe87c0e1cc204ed48ad3b37840f39efc, type: 3}
  m_Name: 
  m_EditorClassIdentifier: 
  m_Material: {fileID: 0}
  m_Color: {r: 1, g: 1, b: 1, a: 1}
  m_RaycastTarget: 1
  m_RaycastPadding: {x: 0, y: 0, z: 0, w: 0}
  m_Maskable: 1
  m_OnCullStateChanged:
    m_PersistentCalls:
      m_Calls: []
  m_Sprite: {fileID: 21300000, guid: e2f2f110d922f1741960bb0636efcbb1, type: 3}
  m_Type: 0
  m_PreserveAspect: 0
  m_FillCenter: 1
  m_FillMethod: 4
  m_FillAmount: 1
  m_FillClockwise: 1
  m_FillOrigin: 0
  m_UseSpriteMesh: 0
  m_PixelsPerUnitMultiplier: 1
--- !u!95 &3600207102286191522
Animator:
  serializedVersion: 3
  m_ObjectHideFlags: 0
  m_CorrespondingSourceObject: {fileID: 0}
  m_PrefabInstance: {fileID: 0}
  m_PrefabAsset: {fileID: 0}
  m_GameObject: {fileID: 4821285612573130056}
  m_Enabled: 0
  m_Avatar: {fileID: 0}
  m_Controller: {fileID: 9100000, guid: 12a30eaaf223da548bfd81d14e3068cd, type: 2}
  m_CullingMode: 0
  m_UpdateMode: 0
  m_ApplyRootMotion: 0
  m_LinearVelocityBlending: 0
  m_WarningMessage: 
  m_HasTransformHierarchy: 1
  m_AllowConstantClipSamplingOptimization: 1
  m_KeepAnimatorControllerStateOnDisable: 0
